 Dungeon Sprint DCSS version 0.26-a0-708-g17f3b190f9 (webtiles) character file.

Game seed: 14401906433489816638

2137 mhtbhm the Basher (level 9, -14/97 HPs)
             Began as a Troll Monk on Oct 28, 2020.
             Was a High Priest of Makhleb.
             Demolished by a komodo dragon (25 damage)
             ... in the Dungeon (Sprint IX: "|||||||||||||||||||||||||||||").
             The game lasted 00:01:11 (457 turns).

mhtbhm the Basher (Troll Monk)                       Turns: 457, Time: 00:01:12

Health: -14/97     AC: 15    Str: 24    XL:     9   Next: 9%
Magic:  8/8        EV: 16    Int:  6    God:    Makhleb [*****.]
Gold:   0          SH:  0    Dex: 12    Spells: 8/8 levels left

rFire    . . .     SeeInvis .   a - +2 morningstar (protect)
rCold    . . .     Faith    .   (no shield)
rNeg     . . .     Spirit   .   b - +0 robe
rPois    .         Reflect  .   (helmet restricted)
rElec    .         Harm     .   (no cloak)
rCorr    .         Rampage  .   (gloves unavailable)
MR       .....     NoTele   +   (boots unavailable)
Stlth    ++........             (no amulet)
HPRegen  0.66/turn              l - +2 ring of protection
MPRegen  0.11/turn              m - +2 ring of evasion

@: protection aura, berserk cooldown, slowed, very slow
A: large, unfitting armour, claws 3, regeneration 1, shaggy fur 1, tough skin 3
a: Minor Destruction, Lesser Servant of Makhleb, Major Destruction, Greater
Servant of Makhleb, Renounce Religion


You were in the Dungeon.
You worshipped Makhleb.
Makhleb was extremely pleased with you.
You visited 1 branch

Inventory:

Hand Weapons
 a - a +2 morningstar of protection (weapon)
Armour
 b - a +0 robe (worn)
Jewellery
 l - a +2 ring of protection (left claw)
 m - a +2 ring of evasion (right claw)
Wands
 k - a wand of iceblast (10)
Scrolls
 h - 2 scrolls of blinking
 i - 5 scrolls of remove curse
 j - 2 scrolls of amnesia
 q - 4 scrolls of enchant armour
 r - 2 scrolls of fog
Potions
 c - 5 potions of curing
 d - a potion of invisibility
 e - 2 potions of haste
 f - 4 potions of magic
 g - a potion of heal wounds
 n - 2 potions of berserk rage
 o - a potion of brilliance
 p - 2 potions of might


   Skills:
 + Level 8.4 Fighting
 + Level 13.3 Maces & Flails
 + Level 9.1 Dodging
 + Level 2.8 Stealth


You had 8 spell levels left.
You didn't know any spells.
Your spell library contained the following spells:

 Spells                   Type           Power        Failure   Level
 Freeze                   Ice            #...         45%         1
 Frozen Ramparts          Ice            #.....       83%         3
 Ozocubu's Armour         Ice            #.......     83%         3
 Hailstorm                Conj/Ice       #.......     99%         4
 Summon Ice Beast         Ice/Summ       #.......     99%         4


Dungeon Overview and Level Annotations

Branches:
Dungeon (1/1)

Altars:
Cheibriados
Dithmenos
Elyvilon
Fedhas
Gozag
Hepliaklqana
Kikubaaqudgha
Makhleb
Nemelex Xobeh
Okawaru
Qazlal
Ru
Sif Muna
Trog
Uskayaw
Vehumet
Wu Jian
Xom
Yredelemnul
Zin
The Shining One
Beogh
Jiyva
Lugonu


Innate Abilities, Weirdness & Mutations

You are too large for most types of armour.
You have claws for hands.
Your natural rate of healing is unusually fast.
You are covered in fur. (AC +1)
You have extremely tough skin. (AC +3)


Message History

You closely miss the bullfrog.
The bullfrog is heavily wounded.
The bullfrog misses you.
You barely miss the bullfrog.
The bullfrog is heavily wounded.
The bullfrog closely misses you. The bullfrog hits you.
* * * LOW HITPOINT WARNING * * *
You closely miss the bullfrog.
The bullfrog is heavily wounded.
The bullfrog misses you. The bullfrog hits you!
* * * LOW HITPOINT WARNING * * *
You impale the bullfrog!!
Your weapon exudes an aura of protection.
You kill the bullfrog!
Makhleb accepts your kill.
You feel better.
You closely miss the komodo dragon. The komodo dragon bites you!
* * * LOW HITPOINT WARNING * * *
The komodo dragon bites you!!
You die...

▓.▓.▓_▓
▓.▓.▓_▓
▓.▓.▓_▓
▓.▓.▓_▓
▓.▓.▓_▓
▓F▓.▓_▓
▓w▓.▓_▓
▓l▓.▓_▓
▓@▓.▓_▓
▓†▓.▓_▓
▓.▓.▓_▓
▓.▓.▓'▓
▓.▓.▓.▓
▓.▓.▓.▓
▓.▓.▓.▓
▓.▓.▓†▓
▓.▓.▓†▓


You could see a torpor snail, a komodo dragon and a cane toad.

Vanquished Creatures
  A two-headed ogre (D)
  A rime drake (D)
  A komodo dragon (D)
  A blink frog (D)
  2 water moccasins (D)
  A black bear (D)
  2 sky beasts (D)
  2 ogres (D)
  A centaur (D)
  A bullfrog (D)
  A quasit (D)
  An orc wizard (D)
  A worker ant (D)
  2 adders (D)
  2 orcs (D)
  A bat (D)
  A bat zombie (D)
  A goblin (D)
  A frilled lizard (D)
  A giant cockroach zombie (D)
  A leopard gecko zombie (D)
  2 rats (D)
28 creatures vanquished.

Notes
Turn   | Place    | Note
-------+----------+-------------------------------------------
     0 | D        | mhtbhm the Troll Monk began the quest for the Orb.
     0 | D        | Reached XP level 1. HP: 22/22 MP: 0/0
     9 | D        | Reached skill level 3 in Maces & Flails
    21 | D        | Noticed a sky beast
    21 | D        | Noticed a worker ant
    27 | D        | Killed a worker ant
    27 | D        | Reached skill level 4 in Maces & Flails
    27 | D        | Reached XP level 2. HP: 32/32 MP: 1/1
    27 | D        | Reached XP level 3. HP: 39/39 MP: 2/2
    57 | D        | Killed a sky beast
    57 | D        | Reached skill level 5 in Fighting
    57 | D        | Reached skill level 6 in Maces & Flails
    57 | D        | Reached XP level 4. HP: 23/50 MP: 3/3
    57 | D        | Reached XP level 5. HP: 27/57 MP: 4/4
    62 | D        | Found a roughly hewn altar of Beogh.
    62 | D        | Found a snail-covered altar of Cheibriados.
    62 | D        | Found a shadowy altar of Dithmenos.
    62 | D        | Found a white marble altar of Elyvilon.
    62 | D        | Found a blossoming altar of Fedhas.
    62 | D        | Found an opulent altar of Gozag.
    63 | D        | Found a hazy altar of Hepliaklqana.
    64 | D        | Found a viscous altar of Jiyva.
    65 | D        | Found an ancient bone altar of Kikubaaqudgha.
    66 | D        | Found a corrupted altar of Lugonu.
    67 | D        | Found a burning altar of Makhleb.
    68 | D        | Found a sparkling altar of Nemelex Xobeh.
    69 | D        | Found an iron altar of Okawaru.
    70 | D        | Found a stormy altar of Qazlal.
    71 | D        | Found a sacrificial altar of Ru.
    72 | D        | Found a shimmering blue altar of Sif Muna.
    73 | D        | Found a bloodstained altar of Trog.
    74 | D        | Found a hide-covered altar of Uskayaw.
    75 | D        | Became a worshipper of Makhleb the Destroyer
    75 | D        | Reached * piety under Makhleb
    75 | D        | Reached ** piety under Makhleb
    76 | D        | Found a radiant altar of Vehumet.
    77 | D        | Found an ornate altar of the Wu Jian Council.
    78 | D        | Found a shimmering altar of Xom.
    79 | D        | Found a basalt altar of Yredelemnul.
    80 | D        | Found a glowing silver altar of Zin.
    81 | D        | Found a glowing golden altar of the Shining One.
   208 | D        | Noticed an ogre
   208 | D        | Noticed a centaur
   208 | D        | Noticed a water moccasin
   208 | D        | Noticed a sky beast
   211 | D        | Reached skill level 5 in Dodging
   232 | D        | Killed a sky beast
   232 | D        | Reached skill level 7 in Maces & Flails
   235 | D        | Killed a water moccasin
   235 | D        | Reached skill level 8 in Maces & Flails
   235 | D        | Reached XP level 6. HP: 55/68 MP: 5/5
   236 | D        | Reached *** piety under Makhleb
   236 | D        | Reached skill level 9 in Maces & Flails
   245 | D        | Reached XP level 7. HP: 76/76 MP: 6/6
   254 | D        | Noticed a two-headed ogre
   259 | D        | Reached **** piety under Makhleb
   264 | D        | Killed a two-headed ogre
   264 | D        | Reached skill level 11 in Maces & Flails
   264 | D        | Reached XP level 8. HP: 67/87 MP: 7/7
   422 | D        | Noticed a komodo dragon
   422 | D        | Noticed a blink frog
   422 | D        | Noticed a rime drake
   423 | D        | Noticed a komodo dragon
   424 | D        | Noticed a torpor snail
   432 | D        | Killed a rime drake
   432 | D        | Reached skill level 12 in Maces & Flails
   434 | D        | Noticed a cane toad
   436 | D        | Reached ***** piety under Makhleb
   441 | D        | Killed a komodo dragon
   441 | D        | Reached skill level 13 in Maces & Flails
   444 | D        | Killed a blink frog
   444 | D        | Reached XP level 9. HP: 20/96 MP: 8/8
   457 | D        | Demolished by a komodo dragon

Illustrated notes

Levels and vault maps discovered:
D:        linesprint [early_d, line_temple, items_1, d_10, items_2, lair_1,
          lair_end, items_3, orc_1, orc_end, items_4, d_15, swamp_1, shoals_1,
          snake_1, spider_1, d_20, vaults_1, items_5, swamp_end, shoals_end,
          snake_end, spider_end, vaults_end, d_27, items_6, zot_1, zot_end,
          crypt_end, forest_end, elf_end, slime_end, tomb_end, abyss_end,
          pan_hell_end]

Skill      XL: |  1  2  3  4  5  6  7  8 |
---------------+-------------------------+-----
Maces & Flails | 4 6 8 9 11 13 | 13.3
Fighting       | 3 5 6 7 8 |  8.4
Dodging        | 3 4 6 7 8 9 |  9.1
Stealth        | 2 |  2.8

Action                   |  1- 3 |  4- 6 |  7- 9 || total
-------------------------+-------+-------+-------++-------
Melee: Mace              |    43 |       |       ||    43
       Morningstar       |       |    36 |    52 ||    88
  Use: Potion            |     2 |       |     2 ||     4
Armor: Robe              |    22 |    20 |    22 ||    64
Dodge: Dodged            |    24 |    11 |    46 ||    81

Table legend: (Time is in decaauts)
 A = Elapsed time spent in this place.
 B = Non-inter-level travel time spent in this place.
 C = Inter-level travel time spent in this place.
 D = Time resting spent in this place.
 E = Time spent auto-exploring this place.
 F = Levels seen in this place.
 G = Mean time per level.
                   A        B        C        D        E       F      G
               +--------+--------+--------+--------+--------+-----+--------+
         Total |    477 |    477 |      0 |    100 |    120 |   1 |  477.0 |
       Dungeon |    477 |    477 |      0 |    100 |    120 |   1 |  477.0 |
               +--------+--------+--------+--------+--------+-----+--------+

Top non-repeatable levels by time:
       D: 477 daAuts
